Map: Catalyst LE

Players

Arctur

  • Race: Terran Terran
  • Spawn Location: 5:00

NightEnD - Winner!

  • Race: Protoss Protoss
  • Spawn Location: 11:00

Event: WCS Leipzig 2018

VOD

Have the link to the VOD?

Description

Time

  • Played on: Jan. 26, 2018, 9:56 a.m.
  • Length: 13:20

All games in this series

Show
View Real Time Build Order
Export as new Build Order

Arctur Terran 

Build Orders: Cyclone Opening, MMM Bio 

Get SALT Encoding   

  12  0:00  SCV  
  13  0:12  SCV  
  14  0:18  Supply Depot  
  14  0:24  SCV  
  15  0:40  SCV  
  15  0:41  Barracks  
  16  0:47  Refinery  
  16  0:52  SCV  
  16  0:57  Refinery  
  17  1:04  SCV  
  18  1:16  SCV  
  19  1:28  Orbital Command  
  19  1:29  Reaper  
  20  1:48  Factory  
  21  1:54  SCV  
  21  1:59  Supply Depot  
  21  2:06  SCV  
  22  2:18  SCV  
  22  2:30  SCV  
  22  2:32  Cyclone  
  22  2:34  Starport  
  26  2:38  Supply Depot  
  26  2:42  SCV  
  27  2:54  SCV  
  28  3:04  Cyclone  
  31  3:10  Medivac  
  32  3:20  Command Center  
  32  3:26  SCV  
  33  3:27  Barracks Reactor  
  33  3:28  Supply Depot  
  33  3:37  Cyclone  
  33  3:39  SCV  
  37  3:51  SCV  
  37  3:55  Starport Tech Lab  
  35  4:03  SCV  
  35  4:04  Marine x2  
  38  4:16  Banshee  
  41  4:18  Cyclone  
  41  4:22  Marine x2  
  45  4:31  SCV  
  45  4:34  Cloaking Field  
  42  4:38  Orbital Command  
  42  4:39  Marine  
  42  4:40  Marine  
  36  4:50  Cyclone  
  38  4:54  SCV  
  38  4:58  Barracks  
  39  5:00  Barracks  
  39  5:02  Marine x2  
  39  5:04  SCV  
  42  5:12  Banshee  
  45  5:15  SCV  
  45  5:16  SCV  
  45  5:21  Marine x2  
  47  5:22  Factory Tech Lab  
  49  5:29  SCV x2, Supply Depot  
  51  5:41  SCV x2  
  53  5:46  Marine x2  
  53  5:47  Siege Tank  
  53  5:48  Barracks Reactor  
  58  5:53  SCV x2  
  60  6:05  SCV x2  
  60  6:08  Starport Reactor  
  59  6:17  SCV  
  59  6:18  SCV, Marine x3, Stimpack  
  61  6:22  Refinery  
  61  6:23  Refinery, Supply Depot  
  61  6:29  SCV  
  61  6:30  SCV  
  63  6:36  Marine x3  
  63  6:37  Siege Tank  
  69  6:42  Barracks  
  69  6:43  SCV, Barracks  
  69  6:46  SCV  
  68  6:53  Engineering Bay  
  68  6:54  Marine x3  
  68  6:55  Marine  
  68  6:57  SCV  
  73  7:02  SCV, Marine  
  75  7:09  Siege Tank  
  75  7:13  Supply Depot  
  75  7:14  Supply Depot  
  78  7:23  Medivac x2, Marine x3  
  78  7:24  Marine  
  86  7:30  Terran Infantry Weapons Level 1  
  86  7:33  Barracks Tech Lab, Barracks Reactor  
  86  7:34  Marine  
  87  7:37  Supply Depot  
  87  7:46  Siege Tank  
  87  7:48  Marine x4  
  94  7:54  Medivac  
  91  7:59  Medivac  
  91  8:00  Marine x2  
  95  8:05  Marine  
  95  8:06  Supply Depot  
  95  8:08  Supply Depot  
  95  8:11  Marine  
  95  8:12  Marine  
  98  8:15  Combat Shields  
  98  8:18  Marauder  
  99  8:28  Siege Tank  
  99  8:29  Marine x5  
  99  8:32  Medivac  
  102  8:52  Marine x6  
  83  9:13  Liberator x2, Marine  
  83  9:14  Marine x4, Marauder  
  71  9:28  Widow Mine x2, Marauder  
  80  9:31  Marine x3  
  80  9:32  Marine x2, Terran Infantry Armor Level 1  
  80  9:34  Marine  
  86  9:49  Widow Mine x2, Marine x2, Marauder  
  86  9:50  Marauder  
  86  9:52  SCV x2  
  86  10:01  Marine x2, Marauder  
  90  10:08  Marine  
  90  10:11  Widow Mine, Marauder  
  93  10:15  Widow Mine  
  93  10:17  Medivac  
  93  10:18  Medivac  
  99  10:25  Marauder x2  
  103  10:32  Widow Mine  
  105  10:36  Widow Mine, Marine  
  105  10:38  Marauder  
  110  10:47  Medivac  
  110  10:48  Medivac  
  114  10:50  Marine x2  
  114  10:51  Marauder  
  114  10:52  Marine, Marauder  
  114  10:54  Marine  
  114  10:56  Widow Mine  
  123  10:57  Widow Mine  
  123  11:02  Marauder  
  116  11:08  Marine x2  
  116  11:10  Marine  
  119  11:18  Widow Mine  
  118  11:19  Widow Mine, Medivac x2  
  118  11:22  Marauder x2  
  125  11:27  Marine  
  128  11:33  Marauder  
  128  11:34  Supply Depot  
  128  11:45  Supply Depot  
  127  11:47  Marine, Marauder  
  128  11:58  Widow Mine x2, Concussive Shells  
  128  12:11  Marine x2  
  128  12:12  SCV, Marauder  
  123  12:16  Marauder  
  107  12:25  Marine, Marauder  
  86  12:31  Marine  
  86  12:33  Marauder  
  85  12:38  Orbital Command  
  85  12:40  Marine, Marauder  
  89  12:44  SCV  
  70  12:52  Marine, Marauder  
  70  12:58  Marine  
  66  13:02  SCV  
Show
View Real Time Build Order
Export as new Build Order

NightEnD Protoss - Winner!

Build Orders: Phoenix Opening 

Get SALT Encoding   

  12  0:00  Probe  
  13  0:12  Probe  
  14  0:17  Pylon  
  14  0:24  Probe  
  15  0:37  Probe (Chrono Boost)  
  15  0:40  Gateway  
  16  0:48  Probe (Chrono Boost), Assimilator  
  17  0:54  Probe (Chrono Boost)  
  18  1:03  Probe  
  19  1:15  Probe  
  20  1:27  Probe  
  20  1:29  Assimilator  
  20  1:30  Zealot  
  23  1:34  Pylon  
  23  1:35  Cybernetics Core  
  23  1:52  Probe  
  24  2:02  Pylon  
  24  2:04  Probe  
  25  2:10  Stalker (Chrono Boost)  
  25  2:15  Warp Gate  
  27  2:17  Probe  
  28  2:28  Stargate  
  28  2:42  Nexus  
  28  2:48  Stalker  
  30  2:52  Probe  
  31  3:04  Probe  
  32  3:08  Pylon  
  32  3:11  Phoenix (Chrono Boost)  
  34  3:16  Probe  
  35  3:21  Stalker  
  37  3:29  Phoenix (Chrono Boost)  
  39  3:34  Probe  
  40  3:45  Phoenix (Chrono Boost)  
  40  3:47  Probe  
  43  3:57  Probe  
  43  3:59  Probe  
  45  4:03  Twilight Council  
  45  4:09  Probe  
  46  4:11  Probe  
  47  4:22  Probe  
  48  4:24  Probe  
  49  4:34  Probe  
  49  4:36  Probe  
  47  4:46  Probe  
  47  4:48  Probe  
  47  4:49  Blink (Chrono Boost)  
  49  4:58  Probe, Gateway  
  49  4:59  Gateway  
  50  5:00  Probe  
  50  5:02  Assimilator  
  50  5:04  Assimilator  
  51  5:10  Probe  
  51  5:12  Probe  
  53  5:19  Robotics Facility  
  53  5:22  Probe, Pylon  
  53  5:25  Probe  
  55  5:33  Pylon  
  55  5:34  Probe  
  56  5:35  Pylon  
  56  5:37  Probe  
  57  5:46  Probe  
  57  5:49  Probe  
  59  5:52  Forge  
  59  5:53  Forge  
  59  5:55  Stalker  
  59  5:56  Stalker  
  63  5:58  Stalker  
  63  6:03  Probe  
  63  6:08  Observer (Chrono Boost)  
  62  6:12  Probe  
  60  6:19  Probe  
  60  6:24  Probe  
  61  6:30  Protoss Ground Weapons Level 1 (Chrono Boost)  
  61  6:31  Probe  
  59  6:36  Probe  
  59  6:38  Observer (Chrono Boost)  
  61  6:40  Protoss Ground Armor Level 1 (Chrono Boost)  
  61  6:44  Probe  
  60  6:49  Probe  
  61  6:54  Nexus  
  61  6:56  Probe  
  61  6:57  Stalker x2  
  66  7:03  Stalker  
  66  7:06  Probe  
  69  7:09  Probe  
  69  7:10  Pylon  
  70  7:18  Probe, Charge (Chrono Boost)  
  70  7:19  Observer  
  70  7:21  Probe  
  73  7:30  Probe  
  73  7:33  Probe  
  73  7:35  Gateway  
  73  7:37  Gateway  
  75  7:40  Gateway  
  75  7:42  Probe  
  74  7:54  Probe x2, Sentry x3  
  80  8:01  Immortal (Chrono Boost)  
  83  8:09  Probe x2  
  83  8:10  Probe  
  86  8:18  Zealot x3  
  92  8:36  Zealot x2  
  92  8:37  Immortal (Chrono Boost)  
  92  8:38  Zealot x4  
  100  8:57  Zealot x2  
  100  8:59  Zealot x2  
  102  9:11  Protoss Ground Armor Level 2 (Chrono Boost), Protoss Ground Weapons Level 2 (Chrono Boost)  
  102  9:12  Probe x3  
  105  9:17  Zealot x2  
  105  9:29  Probe x2  
  105  9:30  Probe  
  108  9:31  Assimilator  
  108  9:32  Assimilator  
  108  9:38  Pylon  
  108  9:39  Pylon  
  108  9:42  Pylon  
  98  9:53  Zealot  
  98  9:54  Zealot x5  
  104  10:00  Robotics Facility  
  104  10:01  Robotics Bay  
  102  10:11  Observer  
  103  10:21  Stalker x4  
  109  10:23  Nexus  
  109  10:24  Pylon  
  109  10:26  Pylon  
  109  10:28  Stalker x2  
  115  10:33  Probe  
  115  10:34  Probe  
  113  11:04  Probe x2  
  105  11:05  Stalker x3  
  105  11:07  Stalker x2  
  108  11:32  Colossus (Chrono Boost)  
  120  11:34  Stalker x4  
  128  11:41  Stalker  
  128  11:44  Colossus (Chrono Boost)  
  128  11:45  Gateway  
  118  11:57  Zealot  
  118  11:58  Zealot x3  
  120  12:09  Stalker  
  112  12:19  Zealot x4  
  93  12:31  Probe x4  
  97  12:41  Stalker x2  
  97  12:42  Stalker x3  
  97  12:43  Probe  
  100  12:59  Probe x2  
  102  13:07  Zealot x6  
Tags
 
Add a new tag
Caveats
  • Supply blocks, unpowered buildings, or Contaminate may cause inaccurate times.
  • Supply counts are checked every 10 seconds.